 Dungeon Crawl Stone Soup version 0.22-a0-271-gc000056 (webtiles) character file.

88 tidbits the Insei (level 4, -3/34 HPs)
             Began as a Gnoll Transmuter on Mar 11, 2018.
             Slain by an orc
             ... wielding a +0 mace
              (8 damage)
             ... on level 6 of the Dungeon.
             The game lasted 00:03:10 (375 turns).

tidbits the Insei (Gnoll Transmuter)                 Turns: 375, Time: 00:03:10

Health: -3/34      AC:  2    Str: 17    XL:     4   Next: 54%
Magic:  11/11      EV: 15    Int: 16    God:
Gold:   30         SH:  0    Dex: 16    Spells: 10/13 levels left

rFire    . . .     SeeInvis .     - Unarmed
rCold    . . .     Gourm    .   (no shield)
rNeg     . . .     Faith    .   b - +0 robe
rPois    +         Spirit   .   (no helmet)
rElec    .         Reflect  .   (no cloak)
rCorr    .         Harm     .   (no gloves)
MR       .....                  (no boots)
Stlth    ++........             (no amulet)
HPRegen  0.11/turn              e - ring of flight
MPRegen  0.12/turn              P - ring of poison resistance

@: mighty, hasted, very quick
A: distributed training, fangs 1, strong nose
a: Evoke Flight


You were on level 6 of the Dungeon.
You were not hungry.

You visited 1 branch of the dungeon, and saw 6 of its levels.

You collected 30 gold pieces.

Inventory:

Hand Weapons
 g - a +0 dagger
Missiles
 a - 22 arrows
 c - 86 stones (quivered)
Armour
 b - a +0 robe (worn)
 i - a +0 helmet
Jewellery
 e - a ring of flight (left hand)
   (You found it on level 1 of the Dungeon)
 P - a ring of poison resistance (right hand)
   (You found it on level 4 of the Dungeon)
Scrolls
 k - a scroll of immolation {unknown}
 m - 4 scrolls of identify {unknown}
Potions
 f - a potion of haste
 l - a potion of lignification {unknown}
 n - a potion of experience {unknown}
Comestibles
 d - 4 rations


   Skills:
 + Level 2.7 Fighting
 + Level 1.1 Short Blades
 + Level 1.1 Long Blades
 + Level 1.1 Axes
 + Level 1.1 Maces & Flails
 + Level 1.1 Polearms
 + Level 1.1 Staves
 + Level 1.1 Slings
 + Level 1.1 Bows
 + Level 1.1 Crossbows
 + Level 1.1 Throwing
 + Level 1.1 Armour
 + Level 4.6 Dodging
 + Level 1.1 Stealth
 + Level 1.1 Shields
 + Level 6.6 Unarmed Combat
 + Level 5.1 Spellcasting
 + Level 0.9 Conjurations
 + Level 0.9 Hexes
 + Level 0.9 Charms
 + Level 0.9 Summonings
 + Level 0.9 Necromancy
 + Level 0.9 Translocations
 + Level 3.8 Transmutations
 + Level 0.9 Fire Magic
 + Level 0.9 Ice Magic
 + Level 0.9 Air Magic
 + Level 0.9 Earth Magic
 + Level 0.9 Poison Magic
 + Level 1.2 Invocations
 + Level 1.1 Evocations


You had 10 spell levels left.
You knew the following spells:

 Your Spells              Type           Power        Failure   Level  Hunger
e - Beastly Appendage     Tmut           ###...       3%          1    None
k - Sticks to Snakes      Tmut           ###.....     4%          2    #......


Dungeon Overview and Level Annotations

Branches:
Dungeon (6/15)
 Temple: D:4-7

Altars:

Annotations:
D:6 Menkaure


Innate Abilities, Weirdness & Mutations

Your experience applies equally to all skills.
You have very sharp teeth.
Your uncanny sense of smell can sniff out nearby items.


Message History

Your bite misses the crimson imp.
The crimson imp is almost dead.
Your ball python closely misses the crimson imp.
Your ball python misses the crimson imp.
The crimson imp completely misses you.
You hit the crimson imp.
You kill the crimson imp!
You have reached level 4!
You feel agile.
Found an escape hatch in the floor.
Found a robe.
A jelly comes into view.
Your talons disappear.
There is a stone staircase leading up here.
Casting: Sticks to Snakes (safe; 4% risk of failure)
Confirm with . or Enter, or press ? or * to list all spells.
You miscast Sticks to Snakes.
Your skin tingles.
Casting: Sticks to Snakes (safe; 4% risk of failure)
Confirm with . or Enter, or press ? or * to list all spells.
Okay, then.
Throwing (i - inventory)
c - 69 stones (quivered)
Press: ? - help, Shift-Dir - straight line, f - jelly
Aim: a jelly You throw a stone.
The stone hits the jelly.
The jelly is lightly wounded.
The jelly misses your ball python.
You climb upwards.
Found 3 scrolls labeled VERIMU FONWU.
There is a stone staircase leading down here.
Unknown command.
Found a fizzy grey potion.
Found a ration.
Found 18 stones.
You see here 3 scrolls labeled VERIMU FONWU.
m - 4 scrolls labeled VERIMU FONWU (gained 3)
You see here a fizzy grey potion.
f - 2 fizzy grey potions (gained 1)
You see here 18 stones.
c - 86 stones (gained 18)
You see here a ration.
d - 4 rations (gained 1)
Your magical contamination has completely faded away.
There is an escape hatch in the floor here.
You slide downwards.
The hatch slams shut behind you.
An ice beast, an orc and an orc priest come into view.
Found 8 gold pieces.
Found a stone staircase leading down.
The orc priest shouts!
You hear a shout! x3
An iguana comes into view.
The iguana hisses angrily.
Found a green potion.
You see here a green potion.
n - a green potion Memorise Spider Form, consuming 3 spell levels and leaving 7?
You start memorising the spell.
You continue memorising. x2
The ice beast hits you.
Your memorisation is interrupted.
The ice beast freezes you!
Unknown command.
Okay, then.
Unknown command.
It was a potion of haste.
You feel yourself speed up. The iguana closely misses you.
The ice beast barely misses you.
An iguana comes into view. 2 orcs come into view.
The orc shouts! x2
An orc comes into view. It is wielding a mace.
Casting: Sticks to Snakes (safe; 4% risk of failure)
Confirm with . or Enter, or press ? or * to list all spells.
You don't know that spell.
The iguana hisses angrily.
The orc barely misses you. The orc hits you with a club.
Unknown command.
The orc shouts!
The orc misses you. The orc hits you but does no damage.
The orc hits you with a mace.
* * * LOW HITPOINT WARNING * * *
The orc closely misses you.
You hit the orc.
The orc is almost dead.
You hit the orc.
You kill the orc!
The orc misses you. x2
There is a stone staircase leading down, spattered with blood here.
Things that are here:
a club; an orc corpse The orc priest invokes the aid of Beogh against you.
Beogh smites you!
* * * LOW HITPOINT WARNING * * *
The orc barely misses you. x2
You climb downwards.
Menkaure, Prince of Dust comes into view.
Menkaure shouts!
There is a stone staircase leading up here.
It was a potion of might.
You feel very mighty all of a sudden.
It was a potion of magic.
Magic courses through your body. The orc hits you but does no damage.
The orc hits you with a mace!
You die...

##
.####
....
##.M##
#o...#
#@...#
#o.#.#
..##
..##
...
###.
##


You could see Menkaure and 2 orcs.

Vanquished Creatures
  A crimson imp (D:5)
  An iguana (D:5)
  An adder (D:5)
  An ooze (D:3)
  An adder skeleton (D:5)
  A leopard gecko (D:1)
  An orc (D:5)
  A giant cockroach (D:1)
  2 hobgoblins
  2 kobolds
  A bat (D:3)
13 creatures vanquished.

Notes
Turn   | Place    | Note
-------+----------+-------------------------------------------
     0 | D:1      | tidbits the Gnoll Transmuter began the quest for the Orb.
     0 | D:1      | Reached XP level 1. HP: 17/17 MP: 6/6
   106 | D:2      | Reached XP level 2. HP: 16/23 MP: 5/7
   110 | D:2      | Learned a level 2 spell: Sticks to Snakes
   257 | D:5      | Entered Level 5 of the Dungeon
   287 | D:5      | Noticed a crimson imp
   291 | D:5      | Reached skill level 5 in Spellcasting
   291 | D:5      | Reached XP level 3. HP: 28/28 MP: 2/9
   296 | D:5      | Reached skill level 1 in Short Blades
   296 | D:5      | Reached skill level 1 in Long Blades
   296 | D:5      | Reached skill level 1 in Axes
   296 | D:5      | Reached skill level 1 in Maces & Flails
   296 | D:5      | Reached skill level 1 in Polearms
   296 | D:5      | Reached skill level 1 in Staves
   296 | D:5      | Reached skill level 1 in Slings
   296 | D:5      | Reached skill level 1 in Bows
   296 | D:5      | Reached skill level 1 in Crossbows
   296 | D:5      | Reached skill level 1 in Throwing
   296 | D:5      | Reached skill level 1 in Armour
   296 | D:5      | Reached skill level 1 in Stealth
   296 | D:5      | Reached skill level 1 in Shields
   296 | D:5      | Reached skill level 1 in Invocations
   296 | D:5      | Reached skill level 1 in Evocations
   299 | D:5      | Reached XP level 4. HP: 34/34 MP: 1/11
   340 | D:5      | Noticed an ice beast
   373 | D:6      | Noticed Menkaure
   375 | D:6      | Slain by an orc

Vault maps used:
D:1:      dpeg_arrival_solitude
D:2:      minmay_bisected
D:4:      first_ration, serial_shops, nicolae_shop_crystal
D:5:      st_stairs_6
D:6:      serial_shops, kennysheep_mini, columned_hall_lemuel,
          minmay_guarded_unrand_vampires_tooth, uniq_menkaure

Skill      XL: |  1  2  3 |
---------------+----------+-----
Spellcasting   | 5 |  5.1
Short Blades   | 1 |  1.1
Long Blades    | 1 |  1.1
Axes           | 1 |  1.1
Maces & Flails | 1 |  1.1
Polearms       | 1 |  1.1
Staves         | 1 |  1.1
Slings         | 1 |  1.1
Bows           | 1 |  1.1
Crossbows      | 1 |  1.1
Throwing       | 1 |  1.1
Armour         | 1 |  1.1
Stealth        | 1 |  1.1
Shields        | 1 |  1.1
Invocations    | 1 |  1.2
Evocations     | 1 |  1.1
Fighting       | |  2.7
Dodging        | |  4.6
Unarmed Combat | |  6.6
Conjurations   | |  0.9
Hexes          | |  0.9
Charms         | |  0.9
Summonings     | |  0.9
Necromancy     | |  0.9
Translocations | |  0.9
Transmutations | |  3.8
Fire Magic     | |  0.9
Ice Magic      | |  0.9
Air Magic      | |  0.9
Earth Magic    | |  0.9
Poison Magic   | |  0.9

Action                   |  1- 3 |  4- 6 || total
-------------------------+-------+-------++-------
Melee: Unarmed           |    31 |     2 ||    33
       Kick              |     9 |       ||     9
       Bite              |     5 |       ||     5
       Headbutt          |     1 |       ||     1
       Punch             |     1 |       ||     1
Throw: Stone             |       |     1 ||     1
 Cast: Beastly Appendage |     7 |       ||     7
       Sticks to Snakes  |     2 |       ||     2
  Use: Potion            |       |     3 ||     3
Armor: Robe              |     3 |     1 ||     4
Dodge: Dodged            |    18 |     9 ||    27

Table legend:
 A = Spawn XP
 B = Non-spawn XP
 C = Spawn XP percentage of total XP
 D = Spawn monster count
 E = Non-spawn monster count
 F = Spawn count percentage of total count
 G = Total turns spent on level
                    A         B        C        D         E        F      G
               +---------+---------+-------+---------+---------+-------+---------
         Total |       0 |     127 |   0.0 |       0 |      13 |   0.0 |   375
               +---------+---------+-------+---------+---------+-------+---------
           D:1 |       0 |       9 |   0.0 |       0 |       4 |   0.0 |    94
           D:2 |       0 |       2 |   0.0 |       0 |       1 |   0.0 |    26
           D:3 |       0 |       9 |   0.0 |       0 |       3 |   0.0 |    84
           D:5 |       0 |     107 |   0.0 |       0 |       5 |   0.0 |    82
               +---------+---------+-------+---------+---------+-------+---------

Table legend:
 A = Turns spent in this place as a percentage of turns spent in the entire game.
 B = Non-inter-level travel turns spent in this place as a percentage of non-inter-level travel turns spent in the entire game.
 C = Inter-level travel turns spent in this place as a percentage of turns spent in this place.
 D = Turns resting spent in this place as a percentage of non-inter-level travel turns spent in this place.
 E = Turns spent auto-exploring this place as a percentage of non-inter-level travel turns spent in this place.
 F = Non-inter-level travel turns spent in this place divided by the number of levels of this place that you've seen.
                   A       B       C       D       E      F
               +-------+-------+-------+-------+-------+----------------------
         Total | 100.0 | 100.0 |   0.0 |   0.0 |   8.0 |  62.5
       Dungeon | 100.0 | 100.0 |   0.0 |   0.0 |   8.0 |  62.5
               +-------+-------+-------+-------+-------+----------------------

Table legend:
 A = Kills in this place as a percentage of kills in entire the game.
 B = Kills by you in this place as a percentage of kills by you in the entire game.
 C = Kills by friends in this place as a percentage of kills by friends in the entire game.
 D = Other kills in this place as a percentage of other kills in the entire game.
 E = Experience gained in this place as a percentage of experience gained in the entire game.
 F = Experience gained in this place divided by the number of levels of this place that you have seen.
                   A       B       C       D       E      F
               +-------+-------+-------+-------+-------+----------------------
         Total | 100.0 | 100.0 |   N/A |   N/A | 100.0 |  21.2
       Dungeon | 100.0 | 100.0 |   N/A |   N/A | 100.0 |  21.2
               +-------+-------+-------+-------+-------+----------------------

Vault maps used:
D:1:      dpeg_arrival_solitude
D:2:      minmay_bisected
D:4:      first_ration, serial_shops, nicolae_shop_crystal
D:5:      st_stairs_6
D:6:      serial_shops, kennysheep_mini, columned_hall_lemuel,
          minmay_guarded_unrand_vampires_tooth, uniq_menkaure
